 Dungeon Crawl Stone Soup version 0.29-a0-902-g0f71de6fce (webtiles) character file.

Game seed: 12408278661287704093

842 quixfox the Digger (level 8, -8/41 HPs)
             Began as a Gargoyle Earth Elementalist on July 25, 2022.
             Was a Follower of Vehumet.
             Mangled by a wyvern (16 damage)
             ... on level 5 of the Dungeon.
             The game lasted 00:07:45 (4746 turns).

quixfox the Digger (Gargoyle Earth Elementalist)    Turns: 4746, Time: 00:07:46

Health: -8/41      AC:  8    Str: 12    XL:     8   Next: 0%
Magic:  12/15      EV: 15    Int: 18    God:    Vehumet [*.....]
Gold:   292        SH:  0    Dex: 10    Spells: 10/17 levels left

rFire   . . .      SeeInvis .   k - +1 whip
rCold   . . .      Faith    .   (no shield)
rNeg    + . .      Spirit   .   a - +0 robe
rPois   ∞          Reflect  .   (no helmet)
rElec   +          Harm     .   r - +0 cloak
rCorr   .          Rampage  .   (no gloves)
Will    .....                   (no boots)
Stlth   ++........              (no amulet)
HPRegen 0.13/turn               n - +4 ring of evasion
MPRegen 0.14/turn               u - ring of wizardry

@: no status effects
A: sickness immunity, AC +5, negative energy resistance 1, electricity
resistance, torment resistance 1, petrification resistance
a: Renounce Religion


You were on level 5 of the Dungeon.
You worshipped Vehumet.
Vehumet was aware of your devotion.
You visited 1 branch of the dungeon, and saw 5 of its levels.

You collected 292 gold pieces.

Inventory:

Hand Weapons
 k - a +1 whip (weapon)
Armour
 a - a +0 robe (worn)
 r - a +0 cloak (worn)
Jewellery
 i - an amulet of faith
 n - a +4 ring of evasion (left hand)
 u - a ring of wizardry (right hand)
Wands
 v - a wand of flame (12)
Scrolls
 d - a scroll of immolation
 l - 2 scrolls of amnesia
Potions
 b - a potion of magic
 c - 2 potions of flight {unknown}
 e - 3 potions of might
 g - 4 potions of brilliance
 h - 2 potions of heal wounds
 m - a potion of attraction {unknown}
 o - 4 potions of degeneration {unknown}
 t - a potion of lignification {unknown}
 w - a potion of invisibility {unknown}
 x - a potion of curing {unknown}


   Skills:
 - Level 1.5 Dodging
 - Level 2.1 Stealth
 + Level 5.0 Spellcasting
 + Level 4.9 Conjurations
 - Level 0.7 Transmutations
 + Level 0.8 Fire Magic
 + Level 7.1 Earth Magic


You had 10 spell levels left.
You knew the following spells:

 Your Spells              Type           Power      Damage    Failure   Level
a - Sandblast             Erth           60%        2d14      1%          1
b - Stone Arrow           Conj/Erth      52%        3d10      1%          3
c - Passwall              Tmut/Erth      15%        N/A       1%          2
d - Foxfire               Conj/Fire      56%        2x1d6     1%          1

Your spell library contained the following spells:

 Spells                   Type           Power      Damage    Failure   Level
 Freeze                   Ice            16%        1d4       5%          1
 Petrify                  Tmut/Erth      18%        N/A       11%         4
 Frozen Ramparts          Ice            8%         1d2       16%         3
 Hailstorm                Conj/Ice       13%        3d5       19%         4


Dungeon Overview and Level Annotations

Branches:
Dungeon (5/15)             Temple (0/1) D:5

Altars:
Ashenzari
Gozag
Ru
Vehumet
Zin


Innate Abilities, Weirdness & Mutations

You are immune to sickness and miasma.
Your stone body is resilient. (AC +5)
You are immune to poison.
You resist negative energy. (rN+)
You are resistant to electric shocks. (rElec)
You are resistant to unholy torment.
You are immune to petrification.


Message History

A scorpion comes into view.
The blast of sand hits the scorpion.
The scorpion is moderately wounded.
The blast of sand hits the scorpion but does no damage.
The scorpion is moderately wounded.
The scorpion closely misses you.
The scorpion stings you but does no damage.
The scorpion misses you.
The blast of sand hits the scorpion.
The scorpion is heavily wounded.
The scorpion stings you but does no damage.
The scorpion stings you.
The blast of sand hits the scorpion!
You kill the scorpion!
Vehumet accepts your kill.
Your Spellcasting skill increases to level 5!
You have reached level 8!
You feel clever.
There is an open door here.
You see here a scorpion corpse.
You now have 292 gold pieces (gained 14).
A wyvern comes into view.
Found 5 stones.
The blast of sand hits the wyvern but does no damage.
The wyvern hisses angrily.
The wyvern bites you but does no damage.
The blast of sand hits the wyvern!
The wyvern is heavily wounded.
The wyvern bites you! The wyvern barely misses you.
The wyvern completely misses you.
The blast of sand hits the wyvern but does no damage.
The wyvern is heavily wounded.
The wyvern closely misses you. The wyvern bites you. The wyvern bites you!
* * * LOW HITPOINT WARNING * * *
Aiming: Sandblast (safe; 1% risk of failure)
Press: ? - help, Q - select action, (/) - cycle Shift-Dir - straight line, f/p - wyvern
Aim: a wyvern (heavily wounded, 82% to hit)
The blast of sand misses the wyvern.
The wyvern misses you. The wyvern bites you!
You die...

#####..P.P≈≈≈≈(..###.######+#
#......≈≈..PP..#.#### #.#
#..P.P.......#.#....###.#
##.####.#.##.#.#....†.... #.#
#.#.##.#.#....###.# #.#
#.#.##.#.#....#.... #.#
#.#....#+######+#.# *,*
#l#.##...........<.
*,***#.@###............# *####*
#.(....................# *#≈≈≈≈**
###......##............#
#≈≈≈≈≈≈***,#....#.##............#
.....≈≈,,,,#....#.##............#
...^..≈≈...#....#.##............#
..≈≈....≈..#....*..#.............
.≈..≈≈..≈..#....*#.#.............
.≈....≈≈...#..,,*#.#.#'##+#+#'#..


You could see a wyvern.

Vanquished Creatures
  An ice beast (D:5)
  A black bear (D:5)
  A kobold brigand (D:5)
  4 scorpions
  2 hounds (D:5)
  2 jellies
  3 iguanas (D:5)
  8 adders
  An ufetubus (D:4)
  3 worms
  A dart slug (D:5)
  An orc (D:4)
  5 endoplasms
  A giant cockroach (D:4)
  8 goblins
  6 hobgoblins
  6 jackals
  3 quokkas
  5 ball pythons
  8 bats
  8 kobolds
  2 rats (D:1)
80 creatures vanquished.

Notes
Turn   | Place    | Note
-------+----------+-------------------------------------------
     0 | D:1      | quixfox the Gargoyle Earth Elementalist began the quest for
                  | the Orb.
     0 | D:1      | Reached XP level 1. HP: 10/10 MP: 3/3
   230 | D:1      | Reached XP level 2. HP: 15/15 MP: 0/5
   296 | D:1      | Reached skill level 4 in Earth Magic
  1220 | D:2      | Reached XP level 3. HP: 19/19 MP: 4/6
  1248 | D:2      | Learned a level 3 spell: Stone Arrow
  1251 | D:2      | Learned a level 2 spell: Passwall
  1546 | D:2      | Reached skill level 1 in Conjurations
  1630 | D:2      | Reached XP level 4. HP: 24/24 MP: 4/8
  1895 | D:3      | Found a faded altar of an unknown god.
  2671 | D:4      | Noticed a scorpion
  2685 | D:4      | Killed a scorpion
  2686 | D:4      | Reached skill level 5 in Earth Magic
  2686 | D:4      | Reached XP level 5. HP: 15/28 MP: 0/10
  2837 | D:4      | Found a sacrificial altar of Ru.
  2899 | D:4      | Found a broken altar of Ashenzari.
  2899 | D:4      | Found a glowing silver altar of Zin.
  2900 | D:4      | Found an opulent altar of Gozag.
  2935 | D:4      | Found a radiant altar of Vehumet.
  3026 | D:4      | Became a worshipper of Vehumet
  3365 | D:4      | Reached XP level 6. HP: 28/32 MP: 5/11
  3584 | D:5      | Entered Level 5 of the Dungeon
  3696 | D:5      | Found a staircase to the Ecumenical Temple.
  3717 | D:5      | Noticed an ice beast
  3722 | D:5      | Killed an ice beast
  3723 | D:5      | Reached skill level 6 in Earth Magic
  3999 | D:5      | Reached XP level 7. HP: 8/36 MP: 5/13
  4537 | D:5      | Reached * piety under Vehumet
  4537 | D:5      | Offered knowledge of Foxfire by Vehumet.
  4589 | D:5      | Learned a level 1 spell: Foxfire
  4618 | D:5      | Reached skill level 7 in Earth Magic
  4692 | D:5      | Reached skill level 5 in Spellcasting
  4692 | D:5      | Reached XP level 8. HP: 38/41 MP: 11/15
  4742 | D:5      | Noticed a wyvern
  4746 | D:5      | Mangled by a wyvern

Illustrated notes

Levels and vault maps discovered:
D:1:      onia_arrival_mini_maze, layout_loops_corners
D:2:      layout_rooms, solitary_fountain
D:3:      layout_loops_ring, shapermc_ecumenical_altar_notcrosses
D:4:      layout_loops_ring, mainiacjoe_overflow_small_starburst,
          nicolae_overflow_quartered_altars
D:5:      cheibrodos_helix_gallery, layout_basic,
          minmay_temple_entry_purple_smoke, guppyfry_early_lair_pool

Skill      XL: |  1  2  3  4  5  6  7 |
---------------+----------------------+-----
Earth Magic    | 4 5 6 7 |  7.1
Conjurations   | 1 2 3 4 |  4.9
Spellcasting   | 3 4 5 |  5.0
Dodging        | |  1.5
Stealth        | |  2.1
Transmutations | |  0.7
Fire Magic     | |  0.8

Action                   |  1- 3 |  4- 6 |  7- 9 || total
-------------------------+-------+-------+-------++-------
Melee: Whip              |       |     4 |       ||     4
 Cast: Sandblast         |    50 |    70 |    40 ||   160
  Use: Scroll            |       |    10 |       ||    10
Armor: Robe              |     9 |    19 |    15 ||    43
Dodge: Dodged            |    21 |    49 |    28 ||    98

Table legend: (Time is in decaauts)
 A = Elapsed time spent in this place.
 B = Non-inter-level travel time spent in this place.
 C = Inter-level travel time spent in this place.
 D = Time resting spent in this place.
 E = Time spent auto-exploring this place.
 F = Levels seen in this place.
 G = Mean time per level.
                   A        B        C        D        E       F      G
               +--------+--------+--------+--------+--------+-----+--------+
         Total |   4907 |   4770 |    137 |    686 |   3439 |   5 |  981.4 |
       Dungeon |   4907 |   4770 |    137 |    686 |   3439 |   5 |  981.4 |
               +--------+--------+--------+--------+--------+-----+--------+

Top non-repeatable levels by time:
     D:1: 1248 daAuts
     D:5: 1220 daAuts
     D:4: 1049 daAuts
     D:3: 715 daAuts
     D:2: 674 daAuts
